 Dungeon Crawl Stone Soup version 0.29.1-12-g30fa7ad0bf (webtiles) character file.

Game seed: 9848093528141646627

616 safid the Shooter (level 7, -1/66 HPs)
             Began as a Minotaur Hunter on Dec 13, 2022.
             Was an Initiate of Okawaru.
             Slain by Duvessa
             ... wielding a +0 short sword
              (11 damage)
             ... on level 5 of the Dungeon.
             The game lasted 00:07:37 (4277 turns).

safid the Shooter (Minotaur Hunter)                 Turns: 4277, Time: 00:07:37

Health: -1/66      AC:  3    Str: 15    XL:     7   Next: 21%
Magic:  6/6        EV: 12    Int:  6    God:    Okawaru [......]
Gold:   271        SH:  0    Dex: 16    Spells: 6/6 levels left

rFire   + . .      SeeInvis .   a - +0 shortbow
rCold   + . .      Faith    .   (shield currently unavailable)
rNeg    . . .      Spirit   .   c - +0 leather armour
rPois   +          Reflect  .   (helmet restricted)
rElec   +          Harm     .   (no cloak)
rCorr   +          Rampage  .   (no gloves)
Will    +....                   (no boots)
Stlth   +.........              (no amulet)
HPRegen 0.21/turn               s - ring of willpower
MPRegen 0.10/turn               (no ring)

@: resistant, hasted, invisible, very quick
A: horns 2, retaliatory headbutt
a: Renounce Religion


You were on level 5 of the Dungeon.
You worshipped Okawaru.
Okawaru was noncommittal.
You visited 2 branches of the dungeon, and saw 6 of its levels.

You collected 271 gold pieces.

Inventory:

Hand Weapons
 a - a +0 shortbow (weapon)
Armour
 c - a +0 leather armour (worn)
Jewellery
 s - a ring of willpower (left hand)
Scrolls
 b - 2 scrolls of immolation
 d - 4 scrolls of silence {unknown}
 i - a scroll of vulnerability {unknown}
 j - a scroll of magic mapping {unknown}
 k - 2 scrolls of torment {unknown}
 l - 4 scrolls of identify {unknown}
 n - a scroll of teleportation {unknown}
 o - a scroll of enchant armour {unknown}
Potions
 e - 2 potions of curing {unknown}
 f - 2 potions of brilliance {unknown}
 g - 3 potions of invisibility
 h - 2 potions of haste
 m - a potion of might {unknown}
 p - 2 potions of resistance
 q - a potion of flight {unknown}
 r - 2 potions of degeneration {unknown}
 t - a potion of cancellation {unknown}
 u - 2 potions of mutation {unknown}
 v - a potion of berserk rage {unknown}


   Skills:
 + Level 7.0 Fighting
 + Level 7.5 Ranged Weapons
 - Level 2.1 Dodging
 - Level 0.7 Stealth


You had 6 spell levels left.
You didn't know any spells.
Your spell library contained the following spells:

 Spells                   Type           Power      Damage    Failure   Level
 Ensorcelled Hibernation  Hex/Ice        0%         N/A       67%         2
 Spider Form              Tmut/Pois      0%         N/A       88%         3
 Anguish                  Hex/Necr       0%         N/A       99%         4


Dungeon Overview and Level Annotations

Branches:
Dungeon (5/15)             Temple (1/1) D:4

Altars:
Gozag
Hepliaklqana
Kikubaaqudgha
Makhleb
Okawaru
Qazlal
Xom
Zin

Shops:
D:3 [

Annotations:
D:5 1 runed translucent door, Dowan; Duvessa; cheesebisquit's ghost, novice MiBe


Innate Abilities, Weirdness & Mutations

You have a pair of horns on your head.
You reflexively headbutt those who attack you in melee.


Message History

Aim: Duvessa, wielding a +0 short sword, wearing a +0 ring mail and carrying a wand of flame (13) (severely wounded, unable to see you, 72% to hit)
You shoot an arrow. The arrow barely misses Duvessa.
Dowan misses you. Duvessa hits you with a +0 short sword.
* * * LOW HITPOINT WARNING * * *
Unknown command.
Fire: a) +0 shortbow
Press: ? - help, Q - select action Shift-Dir - straight line, f/p - Duvessa
Aim: Duvessa, wielding a +0 short sword, wearing a +0 ring mail and carrying a wand of flame (13) (severely wounded, unable to see you, 72% to hit)
You shoot an arrow. The arrow hits Duvessa.
Duvessa is severely wounded.
Dowan smirks and points a slender finger.
Dowan closely misses you. Duvessa barely misses you.
Unknown command.
Unknown command.
Fire: a) +0 shortbow
Press: ? - help, Q - select action Shift-Dir - straight line, f/p - Duvessa
Aim: Duvessa, wielding a +0 short sword, wearing a +0 ring mail and carrying a wand of flame (13) (severely wounded, unable to see you, 72% to hit)
You shoot an arrow. The arrow hits Duvessa.
Duvessa is almost dead.
Fire: a) +0 shortbow
Press: ? - help, Q - select action Shift-Dir - straight line, f/p - Duvessa
Aim: Duvessa, wielding a +0 short sword, wearing a +0 ring mail and carrying a wand of flame (13) (almost dead, unable to see you, 72% to hit)
You shoot an arrow. The arrow closely misses Duvessa.
Dowan hits you with a +0 dagger.
* * * LOW HITPOINT WARNING * * *
Duvessa closely misses you.
Fire: a) +0 shortbow
Press: ? - help, Q - select action Shift-Dir - straight line, f/p - Duvessa
Aim: Duvessa, wielding a +0 short sword, wearing a +0 ring mail and carrying a wand of flame (13) (almost dead, unable to see you, 72% to hit)
You shoot an arrow. The arrow closely misses Duvessa.
Dowan hits you but does no damage. Duvessa closely misses you.
You furiously retaliate!
You headbutt Duvessa, but do no damage.
Fire: a) +0 shortbow
Press: ? - help, Q - select action Shift-Dir - straight line, f/p - Duvessa
Aim: Duvessa, wielding a +0 short sword, wearing a +0 ring mail and carrying a wand of flame (13) (almost dead, unable to see you, 72% to hit)
You shoot an arrow. The arrow barely misses Duvessa.
Dowan hits you with a +0 dagger.
* * * LOW HITPOINT WARNING * * *
Duvessa hits you with a +0 short sword!
You die...

.#.......#.+...+.#
####...#####...#####
.#.+...'.#......(#.+
+#.#####.#'#...#+#.###
.....#..[..#...#.....#
.....+.....##'##.....+
.....#.....#...#.....#
'#.#####.#+#...#e#.###
.#.'...'.#.....e@#.ee.....
####...#####...#########.#
#.......# +...+ #+#...#+#
##### #...# ##+##


You could see Duvessa (unable to see you) and Dowan (resistant, unable to see
you).

Vanquished Creatures
  Sigmund (D:2)
  An ice beast (D:5)
  A necrophage (D:5)
  2 hounds (D:4)
  A gnoll bouda (D:4)
  An orc wizard (D:3)
  5 gnolls (D:4)
  5 adders
  A white imp (D:5)
  2 worms
  2 dart slugs
  4 orcs
  6 ball pythons
  7 bats
  4 endoplasms
  A giant cockroach (D:2)
  9 goblins
  9 hobgoblins
  10 jackals
  4 quokkas
  A frilled lizard (D:2)
  9 kobolds
  7 rats
93 creatures vanquished.

Notes
Turn   | Place    | Note
-------+----------+-------------------------------------------
     0 | D:1      | safid the Minotaur Hunter began the quest for the Orb.
     0 | D:1      | Reached XP level 1. HP: 18/18 MP: 0/0
    91 | D:1      | Reached XP level 2. HP: 16/25 MP: 1/1
   575 | D:1      | Reached XP level 3. HP: 31/31 MP: 2/2
   586 | D:1      | Found a faded altar of an unknown god.
   599 | D:1      | Reached skill level 5 in Ranged Weapons
  1295 | D:2      | Noticed Sigmund
  1308 | D:2      | Killed Sigmund
  1309 | D:2      | Reached skill level 5 in Fighting
  1309 | D:2      | Reached XP level 4. HP: 19/42 MP: 3/3
  1309 | D:2      | Reached XP level 5. HP: 22/48 MP: 4/4
  2003 | D:3      | Found an opulent altar of Gozag.
  2003 | D:3      | Found Efeaxaly's Antique Armour Shoppe.
  2505 | D:3      | Reached XP level 6. HP: 28/57 MP: 5/5
  2673 | D:3      | Found an ancient bone altar of Kikubaaqudgha.
  2673 | D:3      | Found an iron altar of Okawaru.
  2681 | D:3      | Became a worshipper of Warmaster Okawaru
  3052 | D:4      | Found a glowing silver altar of Zin.
  3255 | D:4      | Found a staircase to the Ecumenical Temple.
  3274 | Temple   | Entered the Ecumenical Temple
  3489 | D:4      | Found a shimmering altar of Xom.
  3867 | D:5      | Entered Level 5 of the Dungeon
  3918 | D:5      | Reached XP level 7. HP: 57/64 MP: 6/6
  3994 | D:5      | Found a runed translucent door.
  3994 | D:5      | Noticed cheesebisquit's ghost (novice MiBe)
  4253 | D:5      | Noticed Duvessa
  4255 | D:5      | Noticed Dowan
  4277 | D:5      | Slain by Duvessa

Illustrated notes

Levels and vault maps discovered:
D:1:      co_arrival_square_in_a_square_in_a_square, layout_loops_ring,
          basic_ecumenical_altar, minmay_split_cup_small
D:2:      layout_loops_corners, grunt_decor_cap, minivault_23, uniq_sigmund
D:3:      layout_loops_cross, mainiacjoe_overflow_tiny_flanked,
          jmf_multi_god_temple, serial_shops, shop, saegor_snake_ambush
D:4:      layout_basic, zin_statuary, nicolae_overflow_crystal_walls,
          minmay_temple_entry_waves
D:5:      nicolae_cairo_tiling_large, layout_loops_cross, serial_shops, shop,
          gammafunk_ghost_grave, grunt_ministairs_3, uniq_duvessa
Temple:   nicolae_temple_ecumenical_triangle

Skill      XL: |  1  2  3  4  5  6  7 |
---------------+----------------------+-----
Fighting       | 3 5 6 7 |  7.0
Ranged Weapons | 6 7 |  7.5
Dodging        | |  2.1
Stealth        | |  0.7

Action                   |  1- 3 |  4- 6 |  7- 9 || total
-------------------------+-------+-------+-------++-------
 Fire: Shortbow          |   120 |   163 |    27 ||   310
  Use: Potion            |       |       |     3 ||     3
Armor: Leather armour    |    18 |    13 |     2 ||    33
Dodge: Dodged            |    48 |    30 |    19 ||    97
